 Dungeon Crawl Stone Soup version 0.23.0 (webtiles) character file.

Game seed: 9770677008774181207

790 Kairos the Chopper (level 7, -2/37 HPs)
             Began as a Vine Stalker Fighter on Feb 11, 2019.
             Slain by a water moccasin (3 damage)
             ... on level 4 of the Dungeon.
             The game lasted 00:05:23 (3303 turns).

Kairos the Chopper (Vine Stalker Fighter)           Turns: 3303, Time: 00:05:24

Health: -2/37      AC:  7    Str: 20    XL:     7   Next: 87%
Magic:  0/8        EV:  8    Int: 13    God:
Gold:   145        SH: 10    Dex: 14    Spells: 6/6 levels left

rFire    . . .     SeeInvis .   a - +0 war axe
rCold    . . .     Gourm    .   c - +0 shield
rNeg     . . .     Faith    .   b - +0 scale mail
rPois    .         Spirit   +   (no helmet)
rElec    .         Reflect  .   (no cloak)
rCorr    .         Harm     .   (no gloves)
MR       .....                  (no boots)
Stlth    ..........             m - amulet of the acrobat
HPRegen  0.52/turn              (no ring)
MPRegen  0.11/turn              (no ring)

@: brilliant, lethally poisoned (-2 -> -14)
A: fangs 2, regeneration 1, magic shield, antimagic bite, no potion heal 3, rot
immunity
a: no special abilities


You were on level 4 of the Dungeon.
You were not hungry.

You visited 1 branch of the dungeon, and saw 4 of its levels.

You collected 145 gold pieces.

Inventory:

Hand Weapons
 a - a +0 war axe (weapon)
Armour
 b - a +0 scale mail (worn)
 c - a +0 shield (worn)
Jewellery
 m - an amulet of the acrobat (around neck)
Wands
 l - a wand of polymorph (11)
 v - a wand of paralysis (17)
Scrolls
 g - 4 scrolls of identify {unknown}
 h - 2 scrolls of remove curse {unknown}
 j - a scroll of enchant weapon {unknown}
 k - 2 scrolls of magic mapping {unknown}
 o - a scroll of random uselessness {unknown}
 p - a scroll of fear {unknown}
 q - a scroll of enchant armour {unknown}
 r - a scroll of teleportation {unknown}
 w - a scroll of immolation {unknown}
Potions
 d - 2 potions of might
 e - 2 potions of degeneration {unknown}
 i - 2 potions of brilliance
 n - a potion of lignification {unknown}
 s - a potion of ambrosia {unknown}
 t - 2 potions of flight {unknown}
 u - a potion of haste {unknown}
 x - a potion of agility {unknown}
Comestibles
 f - 5 rations
 z - 2 chunks of flesh


   Skills:
 + Level 4.1 Fighting
 + Level 5.1 Axes
 + Level 3.8 Armour
 + Level 1.1 Dodging
 + Level 1.6 Stealth
 + Level 4.3 Shields


You had 6 spell levels left.
You didn't know any spells.
Your spell library was empty.

Dungeon Overview and Level Annotations

Branches:
Dungeon (4/15)
 Temple: D:4-7

Altars:
Dithmenos
Yredelemnul


Innate Abilities, Weirdness & Mutations

You have extremely sharp teeth.
Your natural rate of healing is unusually fast.
When hurt, damage is shared between your health and your magic reserves.
Your bite disrupts and absorbs the magic of your enemies.
Potions cannot restore your health.
You are immune to rotting.


Message History

The water moccasin bites you. You block the water moccasin's attack.
You closely miss the water moccasin.
The water moccasin is moderately wounded.
The water moccasin bites you.
Your shield and scale mail prevent you from hitting the water moccasin.
The water moccasin is moderately wounded.
The water moccasin bites you.
You are poisoned.
The water moccasin poisons you! The water moccasin bites you.
* * * LOW HITPOINT WARNING * * *
The water moccasin bites you!
* * * LOW HITPOINT WARNING * * *
You are lethally poisoned!
The water moccasin poisons you!
It was a potion of brilliance.
You feel clever all of a sudden.
* * * LOW HITPOINT WARNING * * *
You feel very sick. The water moccasin bites you.
You die...

.#.##.#.######.#...#.##.##.##.##.
.#......# #.#........##.......
#####.### #.#...#.########.###
#.# #.#...#.# #.# #####.# #...#..
# ###.### ......# ##.###.##
#...... ####### #.## .# #.#.##.
## ##÷## .. #.#.... .##
########@#.# # ####. #.#
#.......#S##.## #. .##
#.....)))...... .. ##
#.##.†...#..... ### #
#.##.##.#.## ... #.# .#.# #...
..# . # ...## ... . #.. ...


You could see a water moccasin.

Vanquished Creatures
  Sigmund (D:2)
  3 phantoms (D:4)
  2 howler monkeys (D:4)
  A hound (D:4)
  An orc priest (D:4)
  Terence (D:3)
  An iguana (D:4)
  A hound skeleton (D:4)
  5 adders
  An ooze (D:3)
  6 worms
  3 dart slugs
  3 leopard geckos (D:1)
  3 orcs (D:4)
  10 bats
  2 giant cockroaches (D:1)
  7 goblins
  6 hobgoblins
  5 jackals
  3 quokkas
  A ball python (D:4)
  13 frilled lizards
  11 kobolds
  10 rats
100 creatures vanquished.

Notes
Turn   | Place    | Note
-------+----------+-------------------------------------------
     0 | D:1      | Kairos the Vine Stalker Fighter began the quest for the
                  | Orb.
     0 | D:1      | Reached XP level 1. HP: 11/11 MP: 2/2
    46 | D:1      | Reached XP level 2. HP: 3/16 MP: 3/3
    49 | D:1      | Reached skill level 2 in Axes
   307 | D:1      | Reached XP level 3. HP: 15/20 MP: 4/4
   980 | D:2      | Noticed Sigmund
  1053 | D:2      | Killed Sigmund
  1053 | D:2      | Reached skill level 3 in Axes
  1053 | D:2      | Reached skill level 1 in Stealth
  1053 | D:2      | Gained mutation: Your natural rate of healing is unusually
                  | fast. [Vine Stalker growth]
  1053 | D:2      | Reached XP level 4. HP: 15/24 MP: 5/5
  1053 | D:2      | Reached XP level 5. HP: 18/28 MP: 6/6
  1075 | D:2      | Reached XP level 6. HP: 28/32 MP: 7/7
  1820 | D:3      | Found a basalt altar of Yredelemnul.
  2244 | D:3      | Noticed Terence
  2254 | D:3      | Killed Terence
  2386 | D:3      | Found a shadowy altar of Dithmenos.
  2730 | D:4      | Reached skill level 4 in Axes
  2878 | D:4      | Reached XP level 7. HP: 34/36 MP: 8/8
  3264 | D:4      | Reached skill level 1 in Dodging
  3272 | D:4      | Reached skill level 5 in Axes
  3303 | D:4      | HP: 1/37 [poisoned by a water moccasin]
  3303 | D:4      | Slain by a water moccasin

Skill      XL: |  1  2  3  4  5  6  7 |
---------------+----------------------+-----
Fighting       | 3 4 |  4.1
Axes           | 2 3 4 5 |  5.1
Shields        | 3 4 |  4.3
Armour         | 3 |  3.8
Stealth        | 1 |  1.6
Dodging        | 1 |  1.1

Action                   |  1- 3 |  4- 6 |  7- 9 || total
-------------------------+-------+-------+-------++-------
Melee: War axe           |   110 |   133 |    87 ||   330
       Bite              |    35 |    25 |    28 ||    88
  Use: Potion            |       |       |     1 ||     1
  Eat: Chunk             |       |     7 |     1 ||     8
Armor: Scale mail        |    53 |    35 |    29 ||   117
Dodge: Dodged            |    35 |    43 |    30 ||   108
Block: Shield            |    62 |    56 |    42 ||   160
